[Event "Titled Tuesday Blitz July 05 Early 2022"]
[White "Timofeev, Artyom"]
[Black "Bortnyk, Olexandr"]
[WhiteFideId "4140419"]
[BlackFideId "14120828"]
[WhiteElo "2578"]
[BlackElo "2723"]
[Result "0-1"]
[Round "11"]
[TimeControl "180+1"]
[Date "2022.07.05"]
[WhiteClock "0:00:17"]
[BlackClock "0:00:17"]

1. e4 d6 2. d4 Nf6 3. Nc3 Nbd7 4. g4 h6 5. h4 e5 6. g5 hxg5 7. Bxg5 c6 8. Nf3 Qb6 9. a3 exd4 10. Nxd4 Ne5 11. Be2 Bg4 12. Nb3 Be7 13. Be3 Qc7 14. Nd4 g6 15. Qd2 Bxe2 16. Qxe2 Nfg4 17. O-O-O Nxe3 18. Qxe3 Rxh4 19. Rxh4 Bxh4 20. f4 Nc4 21. Qe2 Nb6 22. Qh2 Bf6 23. e5 dxe5 24. Ne4 O-O-O 25. Nf3 Rxd1+ 26. Kxd1 exf4 27. c3 Be7 28. Qh7 Qd7+ 29. Kc2 Qf5 30. Nd2 Nd5 31. Qh8+ Kc7 32. Qd4 a6 33. Kc1 g5 34. c4 Ne3 35. c5 g4 36. Nd6 Qc2# 0-1


[Site "https://www.chess.com"]

[Event "Titled Tuesday Blitz July 05 Early 2022"]
[White "Vakhlamov, Igor L."]
[Black "Zhalmakhanov, Ramazan"]
[WhiteFideId "24126748"]
[BlackFideId "13706357"]
[WhiteElo "2401"]
[BlackElo "2397"]
[Result "1/2-1/2"]
[Round "11"]
[TimeControl "180+1"]
[Date "2022.07.05"]
[WhiteClock "0:02:39"]
[BlackClock "0:01:54"]

1. e4 Nf6 2. e5 Nd5 3. c4 Nb6 4. c5 Nd5 5. Bc4 e6 6. d4 d6 7. cxd6 cxd6 8. Nf3 Nc6 9. O-O Be7 10. Qe2 O-O 11. Rd1 b6 12. Bxd5 exd5 13. Nc3 Be6 14. Bf4 Rc8 15. Rac1 dxe5 16. Nxe5 Nxe5 1/2-1/2


[Site "https://www.chess.com"]

[Event "Titled Tuesday Blitz July 05 Early 2022"]
[White "Vasquez Schroeder, Rodrigo"]
[Black "Martinez Alcantara, Jose Eduardo"]
[WhiteFideId "3400042"]
[BlackFideId "3805662"]
[WhiteElo "2567"]
[BlackElo "2703"]
[Result "0-1"]
[Round "11"]
[TimeControl "180+1"]
[Date "2022.07.05"]
[WhiteClock "0:00:17"]
[BlackClock "0:00:14"]

1. e4 c5 2. Nf3 d6 3. d4 cxd4 4. Nxd4 Nf6 5. Nc3 Nc6 6. Bg5 e6 7. Qd2 a6 8. O-O-O Bd7 9. f4 Be7 10. Nf3 b5 11. Bxf6 gxf6 12. Kb1 b4 13. Ne2 Qb6 14. f5 e5 15. Ng3 h5 16. Bc4 Qc5 17. Qe2 Na5 18. Bd5 Bb5 19. Qd2 Rc8 20. b3 Bd8 21. Rhe1 Nc6 22. Nf1 Ne7 23. Ne3 Bb6 24. Bc4 Rd8 25. Qd3 Rg8 26. g3 Qc6 27. Nd2 Bd4 28. Nd5 Nxd5 29. exd5 Qb6 30. Ne4 Ke7 31. Qd2 Bxc4 32. bxc4 Rh8 33. Qd3 Bc5 34. Kc1 a5 35. Kd2 Rdg8 36. h3 Bd4 37. Ke2 Bc5 38. Kf3 Rg5 39. Nxg5 fxg5 40. f6+ Kxf6 41. Kg2 Kg7 42. Rf1 Qd8 43. Qf5 Qe7 44. h4 gxh4 45. gxh4 Rh6 46. Kh3 Rg6 47. Qxh5 Be3 48. Rf5 Bf4 49. Rd3 Qa7 50. Rf3 Qg1 51. Rf6 Qh2# 0-1


[Site "https://www.chess.com"]

[Event "Titled Tuesday Blitz July 05 Early 2022"]
[White "Vlassov, Nikolai"]
[Black "Zhigalko, Sergei"]
[WhiteFideId "4103360"]
[BlackFideId "13502956"]
[WhiteElo "2324"]
[BlackElo "2662"]
[Result "0-1"]
[Round "11"]
[TimeControl "180+1"]
[Date "2022.07.05"]
[WhiteClock "0:00:05"]
[BlackClock "0:00:04"]

1. e4 c5 2. c3 d5 3. exd5 Qxd5 4. d4 Nf6 5. Nf3 e6 6. a3 b6 7. Be3 Bb7 8. c4 Qc6 9. Nc3 Nbd7 10. d5 exd5 11. cxd5 Nxd5 12. Bb5 Nxc3 13. Bxc6 Nxd1 14. Bxb7 Nxe3 15. Bxa8 Nc2+ 16. Ke2 Nxa1 17. Rxa1 Bd6 18. Bc6 Ke7 19. Rd1 Nf6 20. h3 Rd8 21. g4 g6 22. Ng5 Rc8 23. Bg2 Be5 24. b3 h5 25. Ne4 hxg4 26. Nxf6 Kxf6 27. hxg4 Bd4 28. Kd3 Re8 29. Be4 Kg5 30. f3 f5 31. gxf5 gxf5 32. Bd5 b5 33. a4 Re5 34. Bg8 Re3+ 35. Kc2 Rc3+ 36. Kb1 bxa4 37. bxa4 Rxf3 38. Rh1 Ra3 39. Rh7 Rxa4 40. Kc2 f4 41. Rf7 Ra3 42. Bh7 f3 43. Bd3 f2 44. Rf5+ Kg4 45. Rf8 Ra1 46. Bc4 Kg5 47. Kb3 a5 48. Bb5 a4+ 49. Kc4 a3 50. Kb3 Rb1+ 0-1


[Site "https://www.chess.com"]

[Event "Titled Tuesday Blitz July 05 Early 2022"]
[White "Volkov, Maksim"]
[Black "Navarrete Mendez, Gonzalo Alberto"]
[WhiteFideId "54123070"]
[BlackFideId "5106850"]
[WhiteElo "2155"]
[BlackElo "2261"]
[Result "1-0"]
[Round "11"]
[TimeControl "180+1"]
[Date "2022.07.05"]
[WhiteClock "0:00:10"]
[BlackClock "0:00:03"]

1. d4 d5 2. c4 dxc4 3. e3 Nc6 4. Bxc4 e5 5. d5 Na5 6. Be2 c6 7. Nc3 Nf6 8. dxc6 Qxd1+ 9. Bxd1 Nxc6 10. Nf3 Be6 11. Ba4 Bd6 12. O-O Ke7 13. Nb5 Bc5 14. Nc7 Rac8 15. Nxe6 Kxe6 16. Bd2 h6 17. Rac1 Bb6 18. Rfd1 Ne4 19. Be1 Rhd8 20. Bb3+ Ke7 21. Bd5 f5 22. Bxc6 Rxd1 23. Rxd1 Rxc6 24. Nxe5 Rc2 25. Nd3 g5 26. Kf1 a5 27. a3 a4 28. Rc1 Nd2+ 29. Ke2 Rxc1 30. Nxc1 Nc4 31. Bc3 Bc5 32. Nd3 Bd6 33. h3 b5 34. f3 Ke6 35. e4 fxe4 36. fxe4 Be7 37. Kf3 h5 38. g3 Bd6 39. h4 g4+ 40. Kf2 Bc7 41. Nf4+ Kf7 42. Nxh5 Bb6+ 43. Ke2 Bc7 44. Nf4 Be5 45. Bxe5 Nxe5 46. Nd3 Nc4 47. Kd1 Kg6 48. Kc2 Ne3+ 49. Kc3 Nf1 50. Kb4 Nxg3 51. Kxb5 Nxe4 52. Ne5+ Kf5 53. Nxg4 Kxg4 54. Kxa4 Kxh4 55. Kb5 Kg5 56. a4 Nd6+ 57. Kc5 Ne4+ 58. Kc6 Kf5 59. a5 Ke5 60. a6 Nd6 61. a7 Nc4 62. a8=Q Kd4 63. b3 Nd2 64. Qd8+ Kc3 65. Qxd2+ Kxd2 66. b4 1-0


[Site "https://www.chess.com"]

[Event "Titled Tuesday Blitz July 05 Early 2022"]
[White "Xu, Yi"]
[Black "Preotu, Razvan"]
[WhiteFideId "8605564"]
[BlackFideId "2613280"]
[WhiteElo "2471"]
[BlackElo "2407"]
[Result "1/2-1/2"]
[Round "11"]
[TimeControl "180+1"]
[Date "2022.07.05"]
[WhiteClock "0:00:04"]
[BlackClock "0:00:02"]

1. e4 c5 2. Nf3 d6 3. d4 cxd4 4. Nxd4 Nf6 5. Nc3 a6 6. f3 e5 7. Nb3 Be6 8. Be3 h5 9. Qd2 Nbd7 10. O-O-O Be7 11. Kb1 Rc8 12. h4 b5 13. Bg5 O-O 14. g4 hxg4 15. Be2 b4 16. Nd5 Nxd5 17. exd5 Bf5 18. Rc1 gxf3 19. Bxf3 Nf6 20. h5 Ne4 21. Bxe4 Bxg5 22. Qxb4 Bxe4 23. Qxe4 Bxc1 24. Nxc1 f5 25. Qg2 Qf6 26. h6 g6 27. Qe2 f4 28. Nd3 f3 29. Qe3 Kh7 30. Nf2 Qf4 31. Qa7+ Rf7 32. Qxa6 Qc4 33. Qxc4 Rxc4 34. Kc1 g5 35. b3 Rh4 36. Rxh4 gxh4 37. Kd2 Kxh6 38. Ke3 Kg5 39. c4 Ra7 40. Kxf3 Rxa2 41. Ne4+ Kg6 42. Kg4 Rb2 43. Nxd6 Rxb3 44. Kxh4 Rc3 45. Kg4 Rc1 46. Kf3 Kf6 47. Ke4 Re1+ 48. Kd3 Rd1+ 49. Ke2 Rd4 50. Ke3 Rd1 51. Nc8 Kf7 52. Nb6 Rc1 53. Ke4 Kf6 54. Nd7+ Ke7 55. Nxe5 Kd6 56. Kd4 Rd1+ 57. Nd3 Rd2 58. c5+ Kd7 59. Kc3 Rd1 60. Ne5+ Kc7 61. Kc4 Rc1+ 62. Kd4 Rd1+ 63. Ke4 Rd2 64. Nc4 Rd1 65. Ne3 Rd2 66. Nf5 Rd1 67. Ke5 Re1+ 68. Kd4 Rd1+ 69. Kc4 Rc1+ 70. Kd4 Rd1+ 71. Ke5 Re1+ 72. Kf6 Rc1 73. d6+ Kd7 74. Ke5 Rxc5+ 75. Ke4 Ra5 76. Kf4 Ke6 77. Ne3 Ra4+ 78. Kf3 Kxd6 79. Nf5+ Ke5 80. Ne3 Ra3 81. Kf2 Ke4 82. Ng2 Rb3 83. Ne1 Rb2+ 84. Kg3 Re2 85. Ng2 Rd2 86. Nf4 Rd1 87. Ng2 Rd8 88. Kf2 Rf8+ 89. Kg3 Rf7 90. Nh4 Rg7+ 91. Kh3 Kf4 92. Ng2+ Kf3 93. Nh4+ Kf4 94. Ng2+ Kf5 95. Nh4+ Ke4 96. Ng2 Rg8 97. Nh4 Ke3 98. Ng2+ Kf2 99. Nh4 Rg5 100. Kh2 Ke3 101. Kh3 Kf2 102. Kh2 Rg4 103. Kh3 Rg3+ 104. Kh2 Rd3 105. Ng2 Rd4 106. Kh3 Rd3+ 107. Kh2 Rg3 108. Nh4 Rb3 109. Ng2 1/2-1/2


[Site "https://www.chess.com"]

[Event "Titled Tuesday Blitz July 05 Early 2022"]
[White "Zhou, Liran"]
[Black "Tokhirjonova, Gulrukhbegim"]
[WhiteFideId "30931967"]
[BlackFideId "14203626"]
[WhiteElo "2771"]
[BlackElo "2227"]
[Result "1-0"]
[Round "11"]
[TimeControl "180+1"]
[Date "2022.07.05"]
[WhiteClock "0:00:55"]
[BlackClock "0:00:20"]

1. e4 e5 2. Nf3 Nc6 3. Bb5 a6 4. Ba4 Nf6 5. d3 b5 6. Bb3 Be7 7. O-O d6 8. c3 O-O 9. Re1 Na5 10. Bc2 c5 11. Nbd2 Nc6 12. Nf1 Qc7 13. Ng3 Re8 14. h3 Bf8 15. Bg5 Be7 16. Rc1 Be6 17. d4 Bxa2 18. d5 Na5 19. Ra1 Bc4 20. b3 Bxb3 21. Bxb3 Nxb3 22. Qxb3 h6 23. Be3 Reb8 24. c4 b4 25. Ra4 Bd8 26. Rea1 a5 27. Nd2 Qd7 28. Qc2 Ra6 29. Nb3 Rba8 30. Bxc5 dxc5 31. Nxc5 Qc8 32. Nxa6 Rxa6 33. c5 h5 34. Qc4 g6 35. Rxb4 h4 36. Nf1 Be7 37. d6 Bf8 38. Rb8 Qxb8 39. Qxa6 Nxe4 40. d7 Qb2 41. d8=Q Qxf2+ 42. Kh1 Qf4 43. Qac8 Nf2+ 44. Kg1 1-0